 Dungeon Crawl Stone Soup version 0.31-a0-1-g4198be8af4 (webtiles) character file.

Game seed: 1491663998799604679

106 NotreDorf the Magician (level 4, -1/30 HPs)
             Began as a Mummy Hedge Wizard on May 1, 2023.
             Slain by an orc wizard
             ... wielding a +0 dagger
              (2 damage)
             ... on level 3 of the Dungeon on May 2, 2023.
             The game lasted 00:08:35 (2734 turns).

NotreDorf the Magician (Mummy Hedge Wizard)         Turns: 2734, Time: 00:08:35

Health: -1/30      AC:  3    Str: 13    XL:     4   Next: 55%
Magic:  8/11       EV: 12    Int: 15    God:
Gold:   120        SH:  0    Dex: 11    Spells: 7/13 levels left

rFire   x . .        h - staff of poison
rCold   + . .        (no shield)
rNeg    + + +        b - +0 robe
rPois   ∞            c - +0 hat
rElec   .            (no cloak)
rCorr   .            j - +0 pair of gloves
SInv    .            (no boots)
Will    .....        (no amulet)
Stlth   ++           (no ring)
HPRegen 0.25/turn    (no ring)
MPRegen 0.12/turn

%: faith
@: no status effects
A: cold resistance 1, negative energy resistance 3, torment resistance 2, heat
vulnerability 1, in touch with death 1, no potions, faith
a: no special abilities


You were on level 3 of the Dungeon.
You visited 1 branch of the dungeon, and saw 3 of its levels.

You collected 120 gold pieces.

Inventory:

Hand Weapons
 a - a +0 dagger
Missiles
 f - 36 stones
Armour
 b - a +0 robe (worn)
 c - a +0 hat (worn)
 j - a +0 pair of gloves (worn)
Magical Staves
 h - a staff of poison (weapon)
Scrolls
 d - 2 scrolls of fog {unknown}
 e - a scroll of fear {unknown}
 g - 2 scrolls of identify {unknown}
 i - a scroll of magic mapping {unknown}
 k - a scroll of teleportation {unknown}
 l - a scroll of poison {unknown}
 m - a scroll of immolation {unknown}
 n - a scroll of enchant weapon {unknown}


   Skills:
 - Level 1.5 Dodging
 - Level 1.5 Stealth
 + Level 5.3 Spellcasting
 + Level 2.4 Conjurations
 - Level 0.7 Summonings
 - Level 0.7 Translocations
 + Level 1.0 Poison Magic


You had 7 spell levels left.
You knew the following spells:

 Your Spells              Type           Power      Damage    Failure   Level
a - Magic Dart            Conj           44%        1d5       6%          1
b - Blink                 Tloc           12%        N/A       19%         2
c - Mephitic Cloud        Conj/Pois/Air  11%        N/A       30%         3

Your spell library contained the following spells:

 Spells                   Type           Power      Damage    Failure   Level
 Slow                     Hex            16%        N/A       16%         1
 Call Imp                 Summ           12%        N/A       19%         2
 Cigotuvi's Dreadful Rot  Necr/Pois/Air  22%        N/A       21%         2


Dungeon Overview and Level Annotations

Branches:
Dungeon (3/15)

Altars:


Innate Abilities, Weirdness & Mutations

You are immune to poison.
Your flesh is cold resistant. (rC+)
You are immune to negative energy. (rN+++)
You are immune to unholy pain and torment.
You are vulnerable to heat. (rF-)
You are in touch with the powers of death.
You do not drink.
You have a special connection with the divine. (Faith)


Message History

You miscast Magic Dart.
You are very lightly contaminated with residual magic.
Nothing appears to happen.
The orc wizard completely misses you. The orc hits you but does no damage.
You hit the orc.
The orc is moderately wounded.
The orc hits you but does no damage.
The orc wizard hits you with a +0 dagger.
The orc attacks as you move away! The orc hits you with a +0 hand axe.
You hit the orc wizard.
The orc wizard is heavily wounded.
The orc wizard casts a spell at you. The puff of flame misses you.
You hit the orc wizard but do no damage.
Your punch misses the orc wizard.
The orc wizard is heavily wounded.
The orc wizard hits you with a +0 dagger.
The orc wizard barely misses you.
You closely miss the orc wizard.
The orc wizard is heavily wounded.
The orc wizard casts a spell.
The orc wizard flickers and vanishes!
Deactivating autopickup; reactivate with Ctrl-A.
Your magical contamination has completely faded away.
You closely miss something. Something hits you.
* * * LOW HITPOINT WARNING * * *
You miss something.
You hear some strange, mumbled words.
A puff of flame appears from out of thin air!
The puff of flame hits you. The fire burns you terribly!
* * * LOW HITPOINT WARNING * * *
You miss something. Something hits you.
* * * LOW HITPOINT WARNING * * *
You closely miss something.
You hear some strange, mumbled words.
Something tries to affect you, but you resist.
Something hits you.
* * * LOW HITPOINT WARNING * * *
You barely miss something. Something hits you.
You die...

####################
...................##
###########..........
.......<...#####.##
#######.#..#####
...#...@{o#
######.####.#
.............#
#######.#..#.#
#.##.#.# #....#.#
#######.# .......)#
.####...)......


You could see an orc.

Vanquished Creatures
  An orc priest (D:3)
  3 adders (D:2)
  A dart slug (D:1)
  2 orcs (D:3)
  4 ball pythons
  5 bats (D:2)
  4 endoplasms
  A giant cockroach (D:2)
  2 goblins (D:1)
  5 hobgoblins
  4 jackals (D:2)
  A quokka (D:2)
  6 frilled lizards
  2 kobolds
  6 rats
47 creatures vanquished.

Notes
Turn   | Place    | Note
-------+----------+-------------------------------------------
     0 | D:1      | NotreDorf the Mummy Hedge Wizard began the quest for the
                  | Orb.
     0 | D:1      | Reached XP level 1. HP: 13/13 MP: 5/5
    54 | D:1      | Reached skill level 1 in Conjurations
   453 | D:1      | Reached XP level 2. HP: 19/19 MP: 0/7
  1413 | D:2      | Gained mutation: You are in touch with the powers of death.
                  | [Mummy growth]
  1413 | D:2      | Reached XP level 3. HP: 23/24 MP: 1/9
  1660 | D:2      | Learned a level 2 spell: Blink
  1664 | D:2      | Learned a level 3 spell: Mephitic Cloud
  1916 | D:2      | Reached skill level 5 in Spellcasting
  1982 | D:2      | Found a faded altar of an unknown god.
  2014 | D:2      | Reached XP level 4. HP: 29/30 MP: 3/11
  2615 | D:3      | Reached skill level 1 in Poison Magic
  2733 | D:3      | HP: 1/30 [something (2)]
  2734 | D:3      | Slain by an orc wizard

Illustrated notes

Levels and vault maps discovered:
D:1:      saegor_arrival_simple_d, layout_basic, minivault_26, kennysheep_boxes
D:2:      layout_loops_ring, ebering_ecumenical_altar_rust
D:3:      layout_basic, minivault_14

Skill      XL: |  1  2  3  4 |
---------------+-------------+-----
Conjurations   | 1 2 |  2.4
Spellcasting   | 5 |  5.3
Poison Magic   | 1 |  1.0
Dodging        | |  1.5
Stealth        | |  1.5
Summonings     | |  0.7
Translocations | |  0.7

Action                     |  1- 3 |  4- 6 || total
---------------------------+-------+-------++-------
  Melee: Dagger            |    14 |       ||    14
         Staff             |    36 |    21 ||    57
  Throw: Stone             |     2 |       ||     2
   Cast: Magic Dart        |   103 |    26 ||   129
 Armour: Robe              |    17 |     4 ||    21
  Dodge: Dodged            |    57 |     8 ||    65

Table legend: (Time is in decaauts)
 A = Elapsed time spent in this place.
 B = Non-inter-level travel time spent in this place.
 C = Inter-level travel time spent in this place.
 D = Time resting spent in this place.
 E = Time spent auto-exploring this place.
 F = Levels seen in this place.
 G = Mean time per level.
                   A        B        C        D        E       F      G
               +--------+--------+--------+--------+--------+-----+--------+
         Total |   2744 |   2658 |     86 |    130 |   2159 |   3 |  914.7 |
       Dungeon |   2744 |   2658 |     86 |    130 |   2159 |   3 |  914.7 |
               +--------+--------+--------+--------+--------+-----+--------+

Top non-repeatable levels by time:
     D:2: 1437 daAuts
     D:1: 1149 daAuts
     D:3: 157 daAuts
